 Dungeon Crawl Stone Soup version 0.29.1-2-gbd0b4ee654 (webtiles) character file.

Game seed: 18020427124575577055

345 Earthwalker the Firebug (level 6, 0/50 HPs)
             Began as a Draconian Fire Elementalist on Oct 27, 2022.
             Killed by nerve-wracking pain
             ... invoked by a shadow imp
              (12 damage)
             ... on level 4 of the Dungeon.
             The game lasted 00:16:15 (4553 turns).

Earthwalker the Firebug (DrFE)                      Turns: 4553, Time: 00:16:16

Health: 0/50       AC: 11    Str: 10    XL:     6   Next: 32%
Magic:  1/10       EV: 12    Int: 18    God:
Gold:   147        SH:  0    Dex: 11    Spells: 10/11 levels left

rFire   . . .      SeeInvis .   d - +0 short sword
rCold   . . .      Faith    .   (no shield)
rNeg    . . .      Spirit   .   (body armour unavailable)
rPois   .          Reflect  .   n - +1 hat
rElec   .          Harm     .   (no cloak)
rCorr   +          Rampage  .   (no gloves)
Will    .....                   (no boots)
Stlth   ++........              (no amulet)
HPRegen 0.16/turn               f - ring of resist corrosion
MPRegen 0.12/turn               x - +4 ring of protection

@: no status effects
A: AC +6, unfitting armour, cold-blooded
a: no special abilities


You were on level 4 of the Dungeon.
You visited 1 branch of the dungeon, and saw 5 of its levels.

You collected 147 gold pieces.

Inventory:

Hand Weapons
 d - a +0 short sword (weapon)
 i - a +2 dagger of pain
Missiles
 j - 4 javelins
 u - 3 poisoned darts
Armour
 n - a +1 hat (worn)
Jewellery
 f - a ring of resist corrosion (left hand)
 x - a +4 ring of protection (right hand)
Wands
 o - a wand of digging (1)
Scrolls
 b - a scroll of summoning {unknown}
 c - a scroll of teleportation {unknown}
 g - a scroll of amnesia {unknown}
 k - a scroll of poison {unknown}
 l - 2 scrolls of enchant weapon {unknown}
 m - a scroll of blinking {unknown}
 p - 2 scrolls of identify {unknown}
 t - a scroll of immolation {unknown}
Potions
 a - a potion of magic
 e - 2 potions of might {unknown}
 h - 2 potions of flight {unknown}
 q - a potion of brilliance {unknown}
 r - a potion of mutation {unknown}
 s - a potion of curing {unknown}
 v - a potion of attraction {unknown}
 w - a potion of invisibility {unknown}


   Skills:
 + Level 2.4 Fighting
 + Level 3.0 Dodging
 + Level 3.1 Stealth
 + Level 3.0 Spellcasting
 + Level 2.5 Conjurations
 + Level 4.0 Fire Magic


You had 10 spell levels left.
You knew the following spells:

 Your Spells              Type           Power      Damage    Failure   Level
a - Foxfire               Conj/Fire      56%        2x1d6     4%          1

Your spell library contained the following spells:

 Spells                   Type           Power      Damage    Failure   Level
 Scorch                   Fire           34%        2d7       4%          2
 Shock                    Conj/Air       28%        1d4       10%         1
 Conjure Flame            Conj/Fire      14%        6-21      13%         3
 Apportation              Tloc           4%         N/A       16%         1
 Necrotise                Necr           8%         1d4       16%         1
 Summon Small Mammal      Summ           8%         N/A       16%         1
 Inner Flame              Hex/Fire       10%        N/A       22%         3
 Flame Wave               Conj/Fire      14%        2d6       38%         4
 Swiftness                Air            2%         N/A       43%         3
 Airstrike                Air            1%         2d(1-17)  85%         4


Dungeon Overview and Level Annotations

Branches:
Dungeon (5/15)
 Temple: D:4-7

Altars:
Sif Muna


Innate Abilities, Weirdness & Mutations

Your plain brown scales are hard. (AC +6)
You cannot fit into any form of body armour.
You are cold-blooded and may be slowed by cold attacks.


Message History

The endoplasm freezes you.
You are frozen.
* * * LOW HITPOINT WARNING * * *
The goblin hits you but does no damage. The goblin closely misses you.
The endoplasm hits you but does no damage.
You climb downwards.
The shadow imp shouts, "Begone, thou feeble weeb-spouting bandersnitch!"
You hear a bark!
You hear a shout! x2
There is a stone staircase leading up here.
You barely miss the endoplasm.
You feel yourself speed up.
A hound comes into view.
The endoplasm closely misses you. The goblin hits you but does no damage.
You are too injured to fight recklessly!
Casting: Foxfire (safe; 4% risk of failure)
Confirm with . or Enter, or press ? or * to list all spells.
You conjure some foxfire!
The goblin barely misses you. The endoplasm closely misses you.
Casting: Foxfire (safe; 4% risk of failure)
Confirm with . or Enter, or press ? or * to list all spells.
You conjure some foxfire!
The foxfire hits the shadow imp but does no damage.
The foxfire hits the endoplasm.
The endoplasm is moderately wounded.
The endoplasm freezes you.
You are frozen.
* * * LOW HITPOINT WARNING * * *
An orc wizard comes into view. It is wielding a +0 dagger.
The goblin hits you but does no damage.
Unknown command.
The foxfire hits the goblin.
You kill the goblin!
The endoplasm barely misses you. The shadow imp barely misses you.
You climb upwards.
There is a stone staircase leading down here.
The shadow imp attacks as you move away!
The shadow imp closely misses you. The shadow imp gestures at you.
Pain shoots through your body!
You die...

#. #. .# #..# #. .#
#.. #. #### .# #..
#. # #...# .# #..
#. .## #..#..# .#
#.# #.######.# #..#
.. .# #.#
#.@>5....##..##. .
.# #.#
#..J...w.#..##...##
.# ##.##
##.#####...##..:...
.#######...## #.#
###..## ##
.....[....#.# #.#
##.†## ##.
.#######.#.#####.#
#§#..###..
.......^.........#
##§#.†#†.#
##################
#.#.#...#.
##########


You could see a shadow imp, a dart slug and an endoplasm.

Vanquished Creatures
  Blork the orc (D:4)
  Natasha (thrice) (D:3)
  Jessica (D:2)
  Robin (D:2)
  4 gnolls
  5 adders
  A white imp (D:4)
  A worm (D:2)
  3 dart slugs
  5 bats
  4 endoplasms
  4 giant cockroaches
  12 goblins
  A hobgoblin (D:2)
  4 jackals (D:1)
  4 kobolds (D:2)
  3 quokkas
  4 ball pythons
  4 frilled lizards
  4 rats
69 creatures vanquished.

Vanquished Creatures (others)
  254 foxfires
  6 plants (D:4)
260 creatures vanquished.

Grand Total: 329 creatures vanquished

Notes
Turn   | Place    | Note
-------+----------+-------------------------------------------
     0 | D:1      | Earthwalker the Draconian Fire Elementalist began the quest
                  | for the Orb.
     0 | D:1      | Reached XP level 1. HP: 14/14 MP: 3/3
   464 | D:1      | Reached XP level 2. HP: 22/22 MP: 3/5
  1388 | D:2      | Reached XP level 3. HP: 20/27 MP: 2/6
  1454 | D:2      | Reached skill level 1 in Fighting
  1657 | D:2      | Noticed Jessica
  1662 | D:2      | Killed Jessica
  1663 | D:2      | Reached XP level 4. HP: 27/35 MP: 4/7
  2092 | D:2      | Noticed Robin
  2136 | D:2      | Killed Robin
  2496 | D:2      | Found a faded altar of an unknown god.
  3028 | D:3      | Reached XP level 5. HP: 40/41 MP: 2/9
  3761 | D:3      | Noticed Natasha
  3775 | D:3      | Killed Natasha
  4061 | D:3      | Noticed Natasha
  4073 | D:3      | Killed Natasha
  4102 | D:3      | Noticed Natasha
  4122 | D:3      | Killed Natasha
  4263 | D:4      | Noticed Blork the orc
  4286 | D:4      | Killed Blork the orc
  4287 | D:4      | Reached skill level 4 in Fire Magic
  4287 | D:4      | Reached XP level 6. HP: 49/49 MP: 0/10
  4293 | D:4      | Found a shimmering blue altar of Sif Muna.
  4547 | D:5      | Entered Level 5 of the Dungeon
  4553 | D:4      | Killed from afar by a shadow imp

Illustrated notes

Levels and vault maps discovered:
D:1:      amcnicky_arrival_abandoned_market, layout_loops_ring
D:2:      layout_basic, nicolae_ecumenical_pavilion,
          ebering_dispersal_statue_hall, uniq_robin, uniq_jessica
D:3:      layout_loops_cross, uniq_natasha
D:4:      minmay_diamond_boxcup, layout_loops_ring, tgw_sif, serial_forest,
          infiniplex_forest_lined_1, infiniplex_forest_3_way,
          infiniplex_forest_end_3, infiniplex_forest_lined_4_way,
          infiniplex_forest_lined_3, infiniplex_forest_clump_small,
          minmay_misc_feat_rugged, chequers_avenue
D:5:      layout_layer_cave, minmay_temple_entry_grid, serial_shops, shop,
          minmay_shop_grid_forest, corexii_hall_statues_i, uniq_edmund

Skill      XL: |  1  2  3  4  5  6 |
---------------+-------------------+-----
Stealth        | 2 3 |  3.1
Dodging        | 2 3 |  3.0
Fighting       | 1 2 |  2.4
Conjurations   | 2 |  2.5
Spellcasting   | 3 |  3.0
Fire Magic     | 4 |  4.0

Action                   |  1- 3 |  4- 6 || total
-------------------------+-------+-------++-------
Melee: Unarmed           |    20 |       ||    20
       Short sword       |     8 |     5 ||    13
 Cast: Foxfire           |    53 |   112 ||   165
Armor: Skin              |    19 |    39 ||    58
Dodge: Dodged            |    39 |    66 ||   105
